 Dungeon Crawl Stone Soup version 0.31-a0-960-g0fca184906 (webtiles) character file.

Game seed: 13373862141730027146

924 gelatine the Sneak (level 8, -8/51 HPs)
             Began as an Octopode Shapeshifter on Oct 24, 2023.
             Killed by divine providence
             ... invoked by an orc priest
              (13 damage)
             ... on level 4 of the Dungeon.
             The game lasted 00:12:50 (3860 turns).

gelatine the Sneak (Octopode Shapeshifter)          Turns: 3860, Time: 00:12:51

Health: -8/51      AC:  1    Str: 16    XL:     8   Next: 10%
Magic:  8/8        EV: 13    Int: 12    God:
Gold:   9          SH:  0    Dex: 11    Spells: 7/7 levels left

rFire   . . .        r - +2 short sword (venom)
rCold   + . .        (no shield)
rNeg    . . .        (helmet currently unavailable)
rPois   .            (no amulet)
rElec   .            j - ring of wizardry
rCorr   .            t - ring of protection from cold
SInv    .            (no ring)
Will    .....        (no ring)
Stlth   ++++         (no ring)
HPRegen 0.28/turn    (no ring)
MPRegen 0.11/turn    (no ring)
                     (no ring)

%: wizardry (x1)
@: beast-form
A: beast (slay +2), almost no armour, amphibious, 8 rings, camouflage 1,
gelatinous body 1, (nimble swimmer 1), tentacles
a: Begin Untransformation


You were on level 4 of the Dungeon.
You were a hulking beast.
You visited 1 branch of the dungeon, and saw 4 of its levels.

You collected 94 gold pieces.
You spent 85 gold pieces at shops.

Inventory:

Hand Weapons
 q - a +3 whip
 r - a +2 short sword of venom (weapon)
Missiles
 o - 15 stones
 s - 4 boomerangs (quivered)
Magical Staves
 f - a staff of earth
Jewellery
 j - a ring of wizardry (left tentacle)
 t - a ring of protection from cold (right tentacle)
Talismans
 b - a beast talisman
 c - a flux talisman
Wands
 u - a wand of acid (6)
Scrolls
 h - 2 scrolls of teleportation {unknown}
 i - a scroll of torment {unknown}
 l - a scroll of immolation {unknown}
 m - a scroll of enchant armour {unknown}
 n - a scroll of poison {unknown}
 p - a scroll of fear {unknown}
 y - a scroll of identify {unknown}
 A - a scroll of vulnerability {unknown}
Potions
 a - a potion of lignification
 d - a potion of magic {unknown}
 e - a potion of invisibility {unknown}
 g - a potion of curing {unknown}
 k - a potion of haste {unknown}
 v - a potion of degeneration {unknown}
 w - 2 potions of mutation {unknown}
 x - a potion of heal wounds {unknown}
 z - a potion of enlightenment {unknown}


   Skills:
 * Level 2.8 Fighting
 + Level 1.4 Short Blades
 + Level 2.4 Throwing
 + Level 3.6 Dodging
 + Level 5.8 Stealth
 * Level 5.7 Unarmed Combat
 * Level 0.2 Spellcasting
 * Level 0.4 Evocations
 + Level 3.9 Shapeshifting


You had 7 spell levels left.
You didn't know any spells.
Your spell library contained the following spells:

 Spells                   Type           Power      Damage    Failure   Level
 Cigotuvi's Dreadful Rot  Necr/Pois/Air  0%         N/A       21%         2
 Lesser Beckoning         Tloc           0%         N/A       21%         2
 Gell's Gravitas          Tloc           0%         N/A       36%         3
 Ignite Poison            Fire/Tmut/Pois 0%         N/A       36%         3
 Teleport Other           Tloc           0%         N/A       36%         3
 Freezing Cloud           Conj/Ice/Air   0%         6-21      97%         5


Dungeon Overview and Level Annotations

Branches:
Dungeon (4/15)
 Temple: D:4-7

Altars:
Dithmenos
Xom
Yredelemnul
Zin

Shops:
D:1 *   D:3 *


Innate Abilities, Weirdness & Mutations

You are a hulking beast.
Your limbs bulge with bestial killing power. (Slay +2)
You cannot wear most types of armour.
You are amphibious.
You can wear up to eight rings at the same time.
Your skin changes colour to match your surroundings (Stealth+).
Your rubbery body absorbs attacks. (AC +1, EV +1)
((You are camouflaged when in or above water. (Stealth+)))
You have tentacles for arms and can constrict up to eight enemies at once.


Message History

You hit the orc.
The orc is poisoned.
You grab the orc. You squeeze the orc.
You kill the orc!
You hit the orc.
The orc is poisoned.
Your grab misses the orc.
The orc is almost dead.
The orc barely misses you.
You barely miss the orc. You grab the orc.
The orc is almost dead.
You constrict the orc.
You kill the orc!
An orc priest comes into view. It is wielding a +0 short sword.
You hit the orc priest.
The orc priest is poisoned.
You grab the orc priest.
The orc priest is moderately wounded.
You constrict the orc priest. The orc priest barely misses you.
The orc priest casts a cantrip, but nothing happens.
You hit the orc priest.
The orc priest looks as sick as possible!
The orc priest is almost dead.
You constrict the orc priest, but do no damage.
You hit the orc priest.
You kill the orc priest!
You barely miss the orc. You grab the orc. You constrict the orc.
The orc hits you with a +0 short sword.
You hit the orc.
You kill the orc!
The orc priest begins to cast a cantrip, but forgets the words!
The orc priest hits you with a +0 short sword.
* * * LOW HITPOINT WARNING * * *
Items here: )))))))) [[ ††††.
You hit the orc priest.
The orc priest is poisoned.
Your grab misses the orc priest. You squeeze the orc priest.
The orc priest is heavily wounded.
The orc priest calls down the wrath of Beogh upon you.
Beogh smites you!
* * * LOW HITPOINT WARNING * * *
You closely miss the orc priest. Your grab misses the orc priest.
You squeeze the orc priest.
The orc priest is almost dead.
The orc priest mumbles some strange prayers to Beogh against you.
Beogh smites you!
You die...

#..####
#.....#'#'#'#' ...
####.#...#.#†#.#)
.###....##..########
................#
.####..#.......#
##.†##.##......#
#†.)?#..#..###.#
#).#[...#.## ...
##h##!.##.# ##
#o.####..# ..... ##
....### ######


You could see an orc priest (very poisoned).

Vanquished Creatures
  3 necrophages (D:4)
  A water moccasin zombie (D:4)
  2 wights (D:4)
  A human zombie (D:4)
  2 orc priests (D:4)
  A jelly (D:4)
  Jessica (D:2)
  An iguana (D:4)
  Ijyb (D:3)
  Terence (D:2)
  2 scorpion zombies (D:4)
  2 orc wizards
  A hound zombie (D:4)
  A mummy (D:4)
  9 adders
  3 gnolls (D:4)
  An adder zombie (D:4)
  2 worms
  A dart slug (D:4)
  17 orcs
  5 ball pythons
  11 bats
  4 endoplasms
  A giant cockroach (D:2)
  9 goblins
  8 hobgoblins
  3 jackals (D:3)
  9 kobolds
  A quokka (D:3)
  5 frilled lizards
  8 rats
117 creatures vanquished.

Notes
Turn   | Place    | Note
-------+----------+-------------------------------------------
     0 | D:1      | gelatine the Octopode Shapeshifter began the quest for the
                  | Orb.
     0 | D:1      | Reached XP level 1. HP: 13/13 MP: 1/1
   193 | D:1      | Reached XP level 2. HP: 17/18 MP: 2/2
   491 | D:1      | Found Ynifidir's Assorted Antiques.
   657 | D:1      | Reached XP level 3. HP: 23/23 MP: 3/3
   673 | D:2      | Found a faded altar of an unknown god.
   817 | D:2      | Reached skill level 1 in Stealth
   867 | D:2      | Reached XP level 4. HP: 17/28 MP: 4/4
  1031 | D:2      | Noticed Terence
  1045 | D:2      | Killed Terence
  1107 | D:2      | Noticed Jessica
  1114 | D:2      | Killed Jessica
  1115 | D:2      | Reached skill level 1 in Throwing
  1115 | D:2      | Reached XP level 5. HP: 33/33 MP: 5/5
  2036 | D:3      | Found Quev's Assorted Antiques.
  2117 | D:3      | Noticed Ijyb
  2131 | D:3      | Killed Ijyb
  2306 | D:3      | Reached XP level 6. HP: 26/39 MP: 6/6
  2991 | D:1      | Bought a glowing golden potion for 27 gold pieces
  2991 | D:1      | Bought an orange potion for 27 gold pieces
  2991 | D:1      | Bought a scroll labelled PITWIOW HUNI for 31 gold pieces
  3192 | D:4      | Reached skill level 5 in Unarmed Combat
  3207 | D:4      | Reached XP level 7. HP: 45/45 MP: 7/7
  3210 | D:4      | Found a basalt altar of Yredelemnul.
  3256 | D:4      | Reached skill level 5 in Stealth
  3321 | D:4      | Found a shadowy altar of Dithmenos.
  3363 | D:4      | Found a shimmering altar of Xom.
  3364 | D:4      | Noticed an angel
  3368 | D:4      | Found a glowing silver altar of Zin.
  3588 | D:4      | Reached skill level 1 in Short Blades
  3693 | D:4      | Reached XP level 8. HP: 21/51 MP: 8/8
  3860 | D:4      | Killed from afar by an orc priest

Illustrated notes

Levels and vault maps discovered:
D:1:      matt_arrival_diagonals, layout_basic, serial_shops,
          nicolae_lakefront_shop
D:2:      layout_loops_ring, nicolae_ecumenical_oubliette, grunt_ministairs_10,
          minmay_tromino_v4_a, uniq_terence, uniq_jessica
D:3:      layout_basic, serial_co_window_serial, co_window_paths_a,
          co_window_corner_a, co_window_of_opportunity_a, co_window_corner_a,
          co_window_paths_b, co_window_corner_a, co_window_corner_a,
          co_window_2corner, co_window_of_opportunity_b, co_window_cross_2,
          co_window_sun, co_window_4corner_b, glass_columns_b, glass_columns_a,
          glass_columns_a, glass_columns_b, glass_columns_a, serial_shops, shop,
          uniq_ijyb
D:4:      layout_rooms, grunt_temple_overflow_order_and_chaos_1,
          kennysheep_little_box, lemuel_mausoleum_altar_yredelemnul,
          minmay_close_crescents

Skill      XL: |  1  2  3  4  5  6  7 |
---------------+----------------------+-----
Stealth        | 1 2 3 4 5 |  5.8
Throwing       | 1 2 |  2.4
Unarmed Combat | 4 5 |  5.7
Fighting       | 2 |  2.8
Dodging        | 3 |  3.6
Short Blades   | 1 |  1.4
Spellcasting   | |  0.2
Evocations     | |  0.4
Shapeshifting  | |  3.9

Action                     |  1- 3 |  4- 6 |  7- 9 || total
---------------------------+-------+-------+-------++-------
  Melee: Unarmed           |    49 |   103 |       ||   152
         Tentacles         |     8 |    19 |    17 ||    44
         Constrict         |    11 |    26 |    18 ||    55
         Punch             |     2 |     5 |     5 ||    12
         Short sword       |       |     6 |    68 ||    74
  Throw: Stone             |     7 |    10 |       ||    17
         Boomerang         |       |     7 |    15 ||    22
   Stab: Sleeping          |     8 |    12 |    10 ||    30
 Armour: Skin              |    15 |    51 |    18 ||    84
  Dodge: Dodged            |    28 |    60 |    29 ||   117

Table legend: (Time is in decaauts)
 A = Elapsed time spent in this place.
 B = Non-inter-level travel time spent in this place.
 C = Inter-level travel time spent in this place.
 D = Time resting spent in this place.
 E = Time spent auto-exploring this place.
 F = Levels seen in this place.
 G = Mean time per level.
                   A        B        C        D        E       F      G
               +--------+--------+--------+--------+--------+-----+--------+
         Total |   3851 |   3654 |    197 |      0 |   2810 |   4 |  962.8 |
       Dungeon |   3851 |   3654 |    197 |      0 |   2810 |   4 |  962.8 |
               +--------+--------+--------+--------+--------+-----+--------+

Top non-repeatable levels by time:
     D:3: 1422 daAuts
     D:2: 831 daAuts
     D:4: 829 daAuts
     D:1: 768 daAuts
